 Dungeon Crawl Stone Soup version 0.29.0-13-gc9e81de378 (webtiles) character file.

Game seed: 14748951046271838420

890 syranez the Cleaver (level 7, -3/61 HPs)
             Began as a Minotaur Berserker on Sept 8, 2022.
             Was a Believer of Trog.
             Slain by a gnoll
             ... wielding a +0 halberd
              (8 damage)
             ... on level 5 of the Dungeon.
             The game lasted 00:05:48 (4245 turns).

syranez the Cleaver (Minotaur Berserker)            Turns: 4245, Time: 00:05:49

Health: -3/61      AC: 12    Str: 30    XL:     7   Next: 77%
Magic:  6/6        EV: 10    Int:  4    God:    Trog [**....]
Gold:   285        SH:  0    Dex:  9    Spells: 6/6 levels left

rFire   . . .      SeeInvis .   a - +0 hand axe
rCold   . . .      Faith    .   (no shield)
rNeg    + . .      Spirit   .   i - +0 chain mail
rPois   .          Reflect  .   (helmet restricted)
rElec   .          Harm     .   (no cloak)
rCorr   .          Rampage  .   m - +0 pair of gloves
Will    ++...                   v - +0 pair of boots
Stlth   ..........              (no amulet)
HPRegen 1.20/turn               g - ring of positive energy
MPRegen 0.10/turn               w - +6 ring of strength

@: lethally poisoned (-3 -> -4), strong-willed, on berserk cooldown,
regenerating, hasted and slowed
A: horns 2, retaliatory headbutt
a: Renounce Religion, Berserk, Trog's Hand


You were on level 5 of the Dungeon.
You worshipped Trog.
Trog was pleased with you.
You visited 1 branch of the dungeon, and saw 5 of its levels.

You collected 285 gold pieces.

Inventory:

Hand Weapons
 a - a +0 hand axe (weapon)
 z - a +1 whip of flaming
Missiles
 k - 2 poisoned darts (quivered)
Armour
 i - a +0 chain mail (worn)
 m - a +0 pair of gloves (worn)
 v - a +0 pair of boots (worn)
Jewellery
 g - a ring of positive energy (left hand)
 h - a ring of flight
 w - a +6 ring of strength (right hand)
 B - an amulet of magic regeneration
Wands
 p - a wand of roots (6)
 A - a wand of flame (10)
Scrolls
 n - a scroll of fog {unknown}
 r - 2 scrolls of enchant armour {unknown}
 s - a scroll of immolation {unknown}
 x - a scroll of magic mapping
 y - a scroll of blinking {unknown}
 C - a scroll of summoning {unknown}
 E - 3 scrolls of teleportation {unknown}
Potions
 b - a potion of resistance {unknown}
 e - a potion of brilliance {unknown}
 f - 2 potions of might {unknown}
 l - 2 potions of curing {unknown}
 o - a potion of attraction {unknown}
 q - a potion of invisibility {unknown}
 t - a potion of degeneration {unknown}
 u - a potion of mutation {unknown}
 D - 2 potions of flight {unknown}


   Skills:
 + Level 5.5 Fighting
 + Level 8.0 Axes
 + Level 5.9 Armour
 + Level 3.7 Dodging
 + Level 0.6 Stealth


You had 6 spell levels left.
You didn't know any spells.
Your spell library contained the following spells:

 Spells                   Type           Power      Damage    Failure   Level
 Portal Projectile        Hex/Tloc       0%         N/A       100%        3
 Tukima's Dance           Hex            0%         N/A       100%        3
 Blade Hands              Tmut           0%         N/A       100%        5


Dungeon Overview and Level Annotations

Branches:
Dungeon (5/15) Zot: 25722
 Temple: D:4-7

Altars:
Cheibriados
Dithmenos
Nemelex Xobeh
Sif Muna
Trog
Uskayaw
Zin

Shops:
D:4 [

Annotations:
D:4 2 transporters, dandone's ghost, amateur DsFi


Innate Abilities, Weirdness & Mutations

You have a pair of horns on your head.
You reflexively headbutt those who attack you in melee.


Message History

You kill the gnoll!
Trog accepts your kill. The gnoll barely misses you.
The gnoll hits you from afar with a +0 halberd!
Your skin crawls.
You feel strong-willed. The centaur hits you.
The centaur kicks you but does no damage.
The centaur barely misses you.
The centaur kicks you but does no damage.
The gnoll barely misses you. The gnoll closely misses you.
The gnoll throws a throwing net.
The throwing net closely misses you.
You hear the slow rusting of a drain very nearby.
The centaur wields a +0 shortbow.
The centaur shoots an arrow.
The arrow hits you.
The gnoll hits you from afar with a +0 halberd.
The centaur shoots an arrow.
The arrow hits you!
The gnoll hits you from afar with a +0 halberd!
* * * LOW HITPOINT WARNING * * *
Things that are here:
a +0 club; 2 scrolls labelled OPLATOEFIO; a gnoll corpse You feel much better.
The centaur shoots an arrow.
The arrow closely misses you.
The centaur shoots an arrow.
The arrow barely misses you. The gnoll barely misses you.
Unknown command.
You're still recovering from your berserk rage.
Really walk into that cloud of poison gas?
You are engulfed in poison gas.
You are poisoned.
You feel very sick.
The centaur shoots an arrow.
The arrow hits you.
* * * LOW HITPOINT WARNING * * *
The centaur shoots an arrow.
The arrow hits you.
* * * LOW HITPOINT WARNING * * *
The gnoll closely misses you.
You see here a +0 spear.
You feel yourself speed up.
You feel sick.
The centaur shoots an arrow.
The arrow hits you.
* * * LOW HITPOINT WARNING * * *
The gnoll hits you from afar with a +0 halberd!
You die...

.....#~~~~~~~ .
....(.§~°○§§ ..
..........§#.§.#§ . .
##.............○○§§§§ ..
.##..............○§☼§# ...
...#...# #.......☼°○.#°§..
.......###...####§g.§§°§..
.....#.#...#..##§)gg.°....
#........#.§°)@.)c.○....
##........○☼§§○○.☼§§○§§..
##.........☼§§°°§°☼○°§§§..
......##>...§☼☼§○.○(○°°○..
.........#.○☼°°###°§°☼§☼..
........###°○○§# ##○§°°§..
..<.....# ##...# ..#<...
.#....### ......# ..#....
##...# .......# #


You could see a centaur and 3 gnolls.

Vanquished Creatures
  Pikel (D:4)
  Sigmund (D:3)
  3 lemures (D:4)
  A centaur (D:5)
  An iguana (D:5)
  Jessica (D:2)
  5 gnolls
  3 adders
  2 worms
  4 dart slugs
  8 endoplasms
  4 giant cockroaches
  10 goblins
  9 hobgoblins
  3 jackals (D:2)
  3 quokkas
  12 ball pythons
  4 bats
  3 frilled lizards
  4 kobolds
  4 rats
86 creatures vanquished.

Notes
Turn   | Place    | Note
-------+----------+-------------------------------------------
     0 | D:1      | syranez the Minotaur Berserker began the quest for the Orb.
     0 | D:1      | Reached XP level 1. HP: 19/19 MP: 0/0
   149 | D:1      | Reached XP level 2. HP: 27/27 MP: 1/1
   151 | D:1      | Reached skill level 4 in Axes
   159 | D:1      | Found a faded altar of an unknown god.
   220 | D:1      | Reached skill level 4 in Fighting
   615 | D:1      | Reached XP level 3. HP: 33/33 MP: 2/2
   767 | D:2      | Reached ** piety under Trog
   797 | D:2      | Noticed Jessica
   807 | D:2      | Killed Jessica
   883 | D:2      | Reached XP level 4. HP: 41/41 MP: 3/3
   959 | D:2      | Reached skill level 3 in Armour
  1418 | D:2      | Reached skill level 5 in Axes
  1985 | D:3      | Found a sparkling altar of Nemelex Xobeh.
  2188 | D:3      | Noticed Sigmund
  2196 | D:3      | Killed Sigmund
  2197 | D:3      | Reached skill level 6 in Axes
  2197 | D:3      | Reached skill level 4 in Armour
  2197 | D:3      | Reached skill level 3 in Dodging
  2197 | D:3      | Reached XP level 5. HP: 47/47 MP: 4/4
  2197 | D:3      | Reached XP level 6. HP: 55/55 MP: 5/5
  2584 | D:3      | Found a shadowy altar of Dithmenos.
  2606 | D:3      | Found a glowing silver altar of Zin.
  2621 | D:3      | Found a hide-covered altar of Uskayaw.
  2621 | D:3      | Found a shimmering blue altar of Sif Muna.
  3174 | D:4      | Found Osmikluv's Armour Emporium.
  3295 | D:4      | Found a transporter.
  3301 | D:4      | Noticed dandone's ghost (amateur DsFi)
  3455 | D:4      | Noticed Pikel
  3482 | D:4      | Killed Pikel
  3483 | D:4      | Reached skill level 5 in Fighting
  3483 | D:4      | Reached skill level 7 in Axes
  3483 | D:4      | Reached skill level 5 in Armour
  3483 | D:4      | Reached XP level 7. HP: 61/61 MP: 6/6
  3628 | D:4      | Found a transporter.
  4136 | D:4      | Found a bloodstained altar of Trog.
  4145 | D:4      | Found a snail-covered altar of Cheibriados.
  4191 | D:5      | Entered Level 5 of the Dungeon
  4237 | D:5      | Reached skill level 8 in Axes
  4238 | D:5      | HP: 1/61 [gnoll/+0 halberd (10)]
  4240 | D:5      | Reached *** piety under Trog
  4245 | D:5      | Slain by a gnoll

Illustrated notes

Levels and vault maps discovered:
D:1:      dpeg_arrival_oval, layout_rooms, nicolae_ecumenical_snake_handling,
          nrook_mini_backslash
D:2:      wad_crossroads, layout_loops_corners, serial_bayou_crossing,
          uniq_jessica
D:3:      layout_basic, mainiacjoe_overflow_cross_hatched, minitemple,
          uniq_sigmund
D:4:      layout_basic, mainiacjoe_overflow_swirl, gammafunk_ghost_stat_death,
          serial_shops, shop_statue, minivault_26, kennysheep_small_spiral,
          uniq_pikel
D:5:      layout_cave_pools, cheibrodos_sewer_entry_drain,
          grunt_decor_resistance, uniq_crazy_yiuf_cottage

Skill      XL: |  1  2  3  4  5  6  7 |
---------------+----------------------+-----
Axes           | 4 6 7 8 |  8.0
Fighting       | 4 5 |  5.5
Armour         | 4 5 |  5.9
Dodging        | 3 |  3.7
Stealth        | |  0.6

Action                   |  1- 3 |  4- 6 |  7- 9 || total
-------------------------+-------+-------+-------++-------
Melee: Hand axe          |    64 |    99 |    31 ||   194
       Headbutt          |    10 |    11 |     3 ||    24
       Punch             |       |       |     1 ||     1
Invok: Berserk           |       |     3 |     1 ||     4
       Trog's Hand       |       |       |     1 ||     1
  Use: Scroll            |       |     3 |     1 ||     4
       Potion            |       |       |     4 ||     4
Armor: Animal skin       |    11 |       |       ||    11
       Ring mail         |     3 |       |       ||     3
       Chain mail        |    15 |    51 |    56 ||   122
Dodge: Dodged            |    36 |    38 |    53 ||   127
